TOP OF THE 1ST |
Texas A&M Aggies batting - Pitching for UCLA Bruins : RHP Scott Roe
|
Pitching: RHP Scott Roe
|
|
Batting: RHB Irwin Robinson
|
0-0: Called Strike 0-1: Swinging Strike 0-2: Ball 1-2: Ball 2-2: Ground out 3-1 (Groundball, 34S)
|
Batting: RHB Jason Lawson
|
0-0: Called Strike 0-1: Called Strike 0-2: Foul Ball, location: 2F 0-2: Fly out, F9 (Flyball, 9LM)
|
Batting: LHB Edward Bennett
|
0-0: Called Strike 0-1: Foul Ball, location: 2F 0-2: Ball 1-2: Foul Ball, location: 2F 1-2: Ball 2-2: Foul Ball, location: 2F 2-2: Ball 3-2: Foul Ball, location: 2F 3-2: Base on Balls
|
Batting: RHB William Dyer
|
0-0: Ball 1-0: Called Strike 1-1: Fielders Choice at 2nd, 6-4 (Groundball, 56)
|
Top of the 1st over - 0 run(s), 0 hit(s), 0 error(s), 0 left on base; Texas A&M 0 - UCLA 0 |
BOTTOM OF THE 1ST |
UCLA Bruins batting - Pitching for Texas A&M Aggies : RHP Jonathan Nieves
|
Pitching: RHP Jonathan Nieves
|
|
Batting: RHB Kent Bannatyne
|
0-0: Ball 1-0: Called Strike 1-1: Ball 2-1: Fly out, F8 (Flyball, 78M)
|
Batting: RHB José Soto
|
0-0: Ball 1-0: Ball 2-0: Fly out, F7 (Flyball, 7)
|
Batting: RHB Phil Thomas
|
0-0: Ball 1-0: Ball 2-0: Ball 3-0: Base on Balls
|
Batting: LHB Federico Medina
|
0-0: Ball 1-0: Called Strike 1-1: Fly out, F9 (Flyball, 89S)
|
Bottom of the 1st over - 0 run(s), 0 hit(s), 0 error(s), 1 left on base; Texas A&M 0 - UCLA 0 |
TOP OF THE 2ND |
Texas A&M Aggies batting - Pitching for UCLA Bruins : RHP Scott Roe
|
Batting: RHB Júlio Hobbs
|
0-0: Ball 1-0: Ball 2-0: Foul Ball, location: 2F 2-1: Foul Ball, location: 2F 2-2: Strikes out looking
|
Batting: RHB Mike Tate
|
0-0: Fly out, F8 (Flyball, 8RS)
|
Batting: RHB Daniel Pineda
|
0-0: Ball 1-0: Ground out 6-3 (Groundball, 56)
|
Top of the 2nd over - 0 run(s), 0 hit(s), 0 error(s), 0 left on base; Texas A&M 0 - UCLA 0 |
BOTTOM OF THE 2ND |
UCLA Bruins batting - Pitching for Texas A&M Aggies : RHP Jonathan Nieves
|
Batting: RHB John Pineau
|
0-0: Foul Ball, location: 2F 0-1: Ball 1-1: Ground out 6-3 (Groundball, 6)
|
Pitching: RHP Thomas Adams
|
|
Batting: LHB Lonnie Romero
|
0-0: Called Strike 0-1: Ground out 3-1 (Groundball, 34S)
|
Batting: RHB Kevin Cochrane
|
0-0: Ball 1-0: Called Strike 1-1: Fly out, F8 (Flyball, 8LM)
|
Bottom of the 2nd over - 0 run(s), 0 hit(s), 0 error(s), 0 left on base; Texas A&M 0 - UCLA 0 |
TOP OF THE 3RD |
Texas A&M Aggies batting - Pitching for UCLA Bruins : RHP Scott Roe
|
Batting: RHB Jack Gillespie
|
0-0: Ball 1-0: Foul Ball, location: 2F 1-1: Swinging Strike 1-2: Ball 2-2: Ball 3-2: Base on Balls
|
Batting: RHB Luis García
|
0-0: Ball 1-0: Ball 2-0: Ground out 4-3 (Groundball, 4M) Jack Gillespie to second
|
Batting: RHB Irwin Robinson
|
0-0: Swinging Strike 0-1: Called Strike 0-2: Strikes out swinging
|
Batting: RHB Jason Lawson
|
0-0: Ball 1-0: Ball 2-0: Foul Ball, location: 2F 2-1: SINGLE (Line Drive, 78S) Jack Gillespie to third Runner from 3rd tries for Home, SAFE, no throw
|
Batting: LHB Edward Bennett
|
0-0: Ball 1-0: Swinging Strike 1-1: Foul Ball, location: 2F 1-2: Ball 2-2: Strikes out looking
|
Top of the 3rd over - 1 run(s), 1 hit(s), 0 error(s), 1 left on base; Texas A&M 1 - UCLA 0 |
BOTTOM OF THE 3RD |
UCLA Bruins batting - Pitching for Texas A&M Aggies : RHP Thomas Adams
|
Batting: LHB Edward Norton
|
0-0: Called Strike 0-1: Foul Ball, location: 2F 0-2: Foul Ball, location: 2F 0-2: Ball 1-2: Ball 2-2: Strikes out swinging
|
Batting: RHB Chad Walter
|
0-0: Ball 1-0: Ground out 5-3 (Groundball, 56)
|
Batting: RHB Kent Bannatyne
|
0-0: Ball 1-0: Foul Ball, location: 2F 1-1: Foul Ball, location: 2F 1-2: Ball 2-2: Foul Ball, location: 2F 2-2: Ground out 6-3 (Groundball, 6)
|
Bottom of the 3rd over - 0 run(s), 0 hit(s), 0 error(s), 0 left on base; Texas A&M 1 - UCLA 0 |
TOP OF THE 4TH |
Texas A&M Aggies batting - Pitching for UCLA Bruins : RHP Scott Roe
|
Batting: RHB William Dyer
|
0-0: Ball 1-0: Ball 2-0: Ball 3-0: Called Strike 3-1: Base on Balls
|
Batting: RHB Júlio Hobbs
|
0-0: Ball 1-0: Called Strike 1-1: Ball 2-1: Ball 3-1: Base on Balls William Dyer to second
|
Batting: RHB Mike Tate
|
0-0: Ball 1-0: Called Strike 1-1: Ball 2-1: Ball 3-1: Fly out, F4 (Popup, 34D)
|
Batting: RHB Daniel Pineda
|
0-0: Called Strike 0-1: Grounds into double play, 4-6-3 (Groundball, 4)
|
Top of the 4th over - 0 run(s), 0 hit(s), 0 error(s), 1 left on base; Texas A&M 1 - UCLA 0 |
BOTTOM OF THE 4TH |
UCLA Bruins batting - Pitching for Texas A&M Aggies : RHP Thomas Adams
|
Batting: RHB José Soto
|
0-0: Called Strike 0-1: Ball 1-1: Hit by Pitch
|
Batting: RHB Phil Thomas
|
0-0: Ball 1-0: Foul Ball, location: 2F 1-1: Foul Ball, location: 2F 1-2: SINGLE (Line Drive, 6M) José Soto to second
|
Batting: LHB Federico Medina
|
0-0: Called Strike 0-1: Foul Ball, location: 2F 0-2: Strikes out looking
|
Batting: RHB John Pineau
|
0-0: Swinging Strike 0-1: Called Strike 0-2: Ball 1-2: Foul Ball, location: 2F 1-2: Strikes out looking
|
Batting: LHB Lonnie Romero
|
0-0: Fly out, F6 (Line Drive, 6)
|
Bottom of the 4th over - 0 run(s), 1 hit(s), 0 error(s), 2 left on base; Texas A&M 1 - UCLA 0 |
TOP OF THE 5TH |
Texas A&M Aggies batting - Pitching for UCLA Bruins : RHP Scott Roe
|
Batting: RHB Jack Gillespie
|
0-0: DOUBLE (Flyball, 8LM)
|
Batting: RHB Luis García
|
0-0: SINGLE (Line Drive, 7LM) Jack Gillespie to third Runner from 3rd tries for Home, SAFE, no throw
|
Batting: RHB Irwin Robinson
|
0-0: Fly out, F7 (Line Drive, 78M)
|
Batting: RHB Jason Lawson
|
0-0: Ball 1-0: SINGLE (Groundball, 4MD) Luis García to second
|
Pitching: RHP Joe Byrd
|
|
Batting: LHB Edward Bennett
|
0-0: Swinging Strike 0-1: Ball 1-1: Ball 2-1: Ball 3-1: Base on Balls Luis García to third Jason Lawson to second
|
Batting: RHB William Dyer
|
0-0: Ball 1-0: Foul Ball, location: 2F 1-1: Ball 2-1: GRAND SLAM HOME RUN (Flyball, 7LD), Distance : 332 ft
|
Pitching: RHP Willie Frazier
|
|
Batting: RHB Júlio Hobbs
|
0-0: Foul Ball, location: 2F 0-1: Foul Ball, location: 2F 0-2: Ball 1-2: Ball 2-2: Foul Ball, location: 2F 2-2: Ball 3-2: Base on Balls
|
Batting: RHB Mike Tate
|
0-0: Called Strike 0-1: Called Strike 0-2: Ball 1-2: Strikes out swinging
|
Batting: RHB Daniel Pineda
|
0-0: Ball 1-0: Ball 2-0: Ball 3-0: Base on Balls Júlio Hobbs to second
|
Batting: RHB Jack Gillespie
|
0-0: Called Strike 0-1: Ball 1-1: Ball 2-1: Fly out, F8 (Flyball, 8RM)
|
Top of the 5th over - 5 run(s), 4 hit(s), 0 error(s), 2 left on base; Texas A&M 6 - UCLA 0 |
BOTTOM OF THE 5TH |
UCLA Bruins batting - Pitching for Texas A&M Aggies : RHP Thomas Adams
|
Batting: RHB Kevin Cochrane
|
0-0: Foul Ball, location: 2F 0-1: Ball 1-1: Swinging Strike 1-2: Ball 2-2: Ball 3-2: Base on Balls
|
Batting: LHB Edward Norton
|
0-0: Ball 1-0: Called Strike Kevin Cochrane is caught stealing 2nd base 1-1: SINGLE (Line Drive, 7S)
|
Batting: RHB Chad Walter
|
0-0: Foul Ball, location: 2F 0-1: Ball 1-1: Fly out, F9 (Flyball, 9LM)
|
Batting: RHB Kent Bannatyne
|
0-0: Ball Edward Norton steals 2nd base 1-0: Called Strike 1-1: Ball 2-1: Called Strike 2-2: Ball Wild Pitch! Edward Norton to third 3-2: Reached via error on a dropped throw, E3 Edward Norton scores
|
Pitching: RHP Raúl Letona
|
|
Batting: RHB José Soto
|
0-0: Ball 1-0: Ball 2-0: Ball 3-0: Called Strike 3-1: 2-RUN HOME RUN (Flyball, 7LD), Distance : 335 ft
|
Batting: RHB Phil Thomas
|
0-0: Ball 1-0: Ball 2-0: Foul Ball, location: 2F 2-1: Foul Ball, location: 2F 2-2: Foul Ball, location: 2F 2-2: Ground out 4-3 (Groundball, 4M)
|
Bottom of the 5th over - 3 run(s), 2 hit(s), 1 error(s), 0 left on base; Texas A&M 6 - UCLA 3 |
TOP OF THE 6TH |
Texas A&M Aggies batting - Pitching for UCLA Bruins : RHP Willie Frazier
|
Batting: RHB Luis García
|
0-0: Swinging Strike 0-1: Called Strike 0-2: Strikes out swinging
|
Batting: RHB Irwin Robinson
|
0-0: Ground out 4-3 (Groundball, 4)
|
Batting: RHB Jason Lawson
|
0-0: Ball 1-0: Fly out, F7 (Flyball, 7S)
|
Top of the 6th over - 0 run(s), 0 hit(s), 0 error(s), 0 left on base; Texas A&M 6 - UCLA 3 |
BOTTOM OF THE 6TH |
UCLA Bruins batting - Pitching for Texas A&M Aggies : RHP Raúl Letona
|
Batting: LHB Federico Medina
|
0-0: Ball 1-0: Ball 2-0: Called Strike 2-1: Ball 3-1: Called Strike 3-2: Strikes out swinging
|
Batting: RHB John Pineau
|
0-0: Ball 1-0: Ground out 5-3 (Groundball, 56S)
|
Batting: LHB Lonnie Romero
|
0-0: Foul Ball, location: 2F 0-1: Foul Ball, location: 2F 0-2: Ball 1-2: Strikes out swinging
|
Bottom of the 6th over - 0 run(s), 0 hit(s), 0 error(s), 0 left on base; Texas A&M 6 - UCLA 3 |
TOP OF THE 7TH |
Texas A&M Aggies batting - Pitching for UCLA Bruins : RHP Willie Frazier
|
Batting: LHB Edward Bennett
|
0-0: Called Strike 0-1: Ball 1-1: Ground out 4-3 (Groundball, 34)
|
Batting: RHB William Dyer
|
0-0: Foul Ball, location: 2F 0-1: Ball 1-1: Ball 2-1: Ball 3-1: Swinging Strike 3-2: Strikes out looking
|
Batting: RHB Júlio Hobbs
|
0-0: Fly out, F7 (Flyball, 7)
|
Top of the 7th over - 0 run(s), 0 hit(s), 0 error(s), 0 left on base; Texas A&M 6 - UCLA 3 |
BOTTOM OF THE 7TH |
UCLA Bruins batting - Pitching for Texas A&M Aggies : RHP Raúl Letona
|
Batting: RHB Kevin Cochrane
|
0-0: Ball 1-0: Ball 2-0: Foul Ball, location: 2F 2-1: Ball 3-1: Reached on error, E5 (Groundball, 56)
|
Batting: LHB Edward Norton
|
0-0: Foul Ball, location: 2F 0-1: Ball 1-1: Ball 2-1: Swinging Strike 2-2: Foul Ball, location: 2F 2-2: Strikes out swinging
|
Batting: RHB Chad Walter
|
0-0: Called Strike 0-1: Ball 1-1: Foul Ball, location: 2F 1-2: Ball 2-2: Fly out, F8 (Flyball, 8LS)
|
Batting: RHB Kent Bannatyne
|
0-0: Ground out 5-3 (Groundball, 56S)
|
Bottom of the 7th over - 0 run(s), 0 hit(s), 1 error(s), 1 left on base; Texas A&M 6 - UCLA 3 |
TOP OF THE 8TH |
Texas A&M Aggies batting - Pitching for UCLA Bruins : RHP Willie Frazier
|
Batting: RHB Mike Tate
|
0-0: Foul Ball, location: 2F 0-1: Ball 1-1: Foul Ball, location: 2F 1-2: Strikes out swinging
|
Batting: RHB Daniel Pineda
|
0-0: Ball 1-0: Called Strike 1-1: Fly out, F9 (Flyball, 9)
|
Batting: RHB Jack Gillespie
|
0-0: Ball 1-0: Ball 2-0: Swinging Strike 2-1: Foul Ball, location: 2F 2-2: Ball 3-2: Foul Ball, location: 2F 3-2: Strikes out swinging
|
Top of the 8th over - 0 run(s), 0 hit(s), 0 error(s), 0 left on base; Texas A&M 6 - UCLA 3 |
BOTTOM OF THE 8TH |
UCLA Bruins batting - Pitching for Texas A&M Aggies : RHP Raúl Letona
|
Batting: RHB José Soto
|
0-0: Ball 1-0: Called Strike 1-1: Ball 2-1: Ball 3-1: Base on Balls
|
Batting: RHB Phil Thomas
|
0-0: Ball 1-0: Ball 2-0: Ball 3-0: Called Strike 3-1: Swinging Strike 3-2: Base on Balls José Soto to second
|
Pitching: RHP Millard Bryant
|
|
Batting: LHB Federico Medina
|
0-0: Called Strike 0-1: Ball 1-1: Ball 2-1: Foul Ball, location: 2F 2-2: Strikes out swinging
|
Batting: RHB John Pineau
|
0-0: Called Strike 0-1: Ball 1-1: Ball 2-1: Foul Ball, location: 2F 2-2: Fly out, F5 (Line Drive, 56)
|
Pitching: LHP Charlie Aguilar
|
|
Batting: LHB Lonnie Romero
|
0-0: SINGLE (Groundball, 34D) José Soto to third Phil Thomas to second Runner from 3rd tries for Home, SAFE, no throw
|
Pitching: RHP Jorge Núñez
|
|
Batting: RHB Kevin Cochrane
|
0-0: Ball 1-0: Called Strike 1-1: Swinging Strike 1-2: SINGLE (Line Drive, 7S) Phil Thomas to third Lonnie Romero to second Runner from 3rd tries for Home, SAFE, no throw
|
Pitching: LHP Dan Riggs
|
|
Batting: LHB Edward Norton
|
0-0: Ball 1-0: Foul Ball, location: 2F 1-1: Ball 2-1: Ball 3-1: Called Strike 3-2: Foul Ball, location: 2F 3-2: Foul Ball, location: 2F 3-2: Strikes out looking
|
Bottom of the 8th over - 2 run(s), 2 hit(s), 0 error(s), 2 left on base; Texas A&M 6 - UCLA 5 |
TOP OF THE 9TH |
Texas A&M Aggies batting - Pitching for UCLA Bruins : RHP Willie Frazier
|
Pitching: RHP Steve Webb
|
|
Batting: RHB Luis García
|
0-0: Called Strike 0-1: Ball 1-1: Ball 2-1: Ball 3-1: Foul Ball, location: 2F 3-2: SINGLE (Line Drive, 56)
|
Batting: RHB Irwin Robinson
|
0-0: SINGLE (Line Drive, 4M) Luis García to second
|
Batting: RHB Jason Lawson
|
0-0: Called Strike 0-1: Ball 1-1: Ball 2-1: Ball 3-1: Base on Balls Luis García to third Irwin Robinson to second
|
Pitching: LHP Shawn Gardner
|
|
Batting: LHB Edward Bennett
|
0-0: Foul Ball, location: 2F 0-1: Ball 1-1: Ball 2-1: Foul Ball, location: 2F 2-2: Ball 3-2: Base on Balls Luis García scores Irwin Robinson to third Jason Lawson to second
|
Pitching: RHP Dale Bennett
|
|
Batting: RHB William Dyer
|
0-0: Called Strike 0-1: Foul Ball, location: 2F 0-2: Ball 1-2: Strikes out swinging
|
Batting: RHB Júlio Hobbs
|
0-0: Called Strike 0-1: SINGLE (Line Drive, 7LS) Irwin Robinson scores Jason Lawson to third Edward Bennett to second
|
Pinch Hitting: RHB Anthony Graham
|
0-0: Swinging Strike 0-1: Ball 1-1: Called Strike 1-2: Ball 2-2: Foul Ball, location: 2F 2-2: Ball 3-2: Foul Ball, location: 2F 3-2: Foul Ball, location: 2F 3-2: Strikes out swinging
|
Batting: RHB Daniel Pineda
|
0-0: Called Strike 0-1: GRAND SLAM HOME RUN (Flyball, 78XD), Distance : 372 ft
|
Pinch Hitting: RHB Pat Thomas
|
0-0: Swinging Strike 0-1: Ball 1-1: Ball 2-1: Foul Ball, location: 2F 2-2: Foul Ball, location: 2F 2-2: SINGLE (Flyball, 89M)
|
Batting: RHB Luis García
|
0-0: Called Strike 0-1: Foul Ball, location: 2F 0-2: Fly out, F9 (Flyball, 9LSF)
|
Top of the 9th over - 6 run(s), 5 hit(s), 0 error(s), 1 left on base; Texas A&M 12 - UCLA 5 |
BOTTOM OF THE 9TH |
UCLA Bruins batting - Pitching for Texas A&M Aggies : LHP Dan Riggs
|
Now at 1B: Anthony Graham
|
|
Now in CF: Pat Thomas
|
|
Batting: RHB Chad Walter
|
0-0: Ball 1-0: Called Strike 1-1: Swinging Strike 1-2: Strikes out swinging
|
Batting: RHB Kent Bannatyne
|
0-0: Ground out 6-3 (Groundball, 6)
|
Batting: RHB José Soto
|
0-0: Ball 1-0: Foul Ball, location: 2F 1-1: Ball 2-1: SINGLE (Line Drive, 78S)
|
Batting: RHB Phil Thomas
|
0-0: Ball 1-0: Called Strike 1-1: Ball 2-1: Fly out, F8 (Flyball, 8LD)
|
Bottom of the 9th over - 0 run(s), 1 hit(s), 0 error(s), 1 left on base; Texas A&M 12 - UCLA 5 |
|